 Dungeon Sprint DCSS version 0.29.1-4-g47bece8355 (webtiles) character file.

Game seed: 17161829213916733588

1152 boopmooplesden the Carver (level 8, -7/86 HPs)
             Began as a Minotaur Berserker on Dec 8, 2022.
             Was an Elder of Trog.
             Mangled by a two-headed ogre
             ... wielding a +0 dire flail
              (22 damage)
             ... in the Dungeon (Sprint IX: "|||||||||||||||||||||||||||||").
             The game lasted 00:00:47 (570 turns).

boopmooplesden the Carver (Minotaur Berserker)       Turns: 570, Time: 00:00:48

Health: -7/86      AC: 14    Str: 24    XL:     8   Next: 16%
Magic:  7/7        EV: 12    Int:  4    God:    Trog [****..]
Gold:   0          SH:  0    Dex: 10    Spells: 7/7 levels left

rFire   . . .      SeeInvis .   k - +2 scimitar (venom)
rCold   . . .      Faith    .   (no shield)
rNeg    . . .      Spirit   .   m - +1 scale mail
rPois   .          Reflect  .   (helmet restricted)
rElec   .          Harm     .   (no cloak)
rCorr   .          Rampage  .   (no gloves)
Will    .....      NoTele   +   l - +0 pair of boots
Stlth   ..........              (no amulet)
HPRegen 0.24/turn               n - +2 ring of protection
MPRegen 0.10/turn               o - +2 ring of protection

@: on berserk cooldown, slowed, very slow
A: horns 2, retaliatory headbutt
a: Renounce Religion, Berserk, Trog's Hand, Brothers in Arms


You were in the Dungeon.
You worshipped Trog.
Trog was greatly pleased with you.
You visited 1 branch

Inventory:

Hand Weapons
 a - a +0 falchion
 k - a +2 scimitar of venom (weapon)
Armour
 b - a +0 animal skin
 l - a +0 pair of boots (worn)
 m - a +1 scale mail (worn)
Jewellery
 n - a +2 ring of protection (left hand)
 o - a +2 ring of protection (right hand)
Wands
 j - a wand of roots (10)
Scrolls
 h - 2 scrolls of blinking
Potions
 c - 5 potions of curing
 d - 3 potions of heal wounds
 e - a potion of haste
 f - 4 potions of magic
 g - a potion of berserk rage
 i - a potion of invisibility


   Skills:
 + Level 13.0 Fighting
 + Level 14.6 Long Blades
 + Level 7.7 Armour
 + Level 6.3 Dodging
 + Level 1.0 Stealth


You had 7 spell levels left.
You didn't know any spells.
Your spell library was empty.

Dungeon Overview and Level Annotations

Branches:
Dungeon (1/1)

Altars:
Cheibriados
Dithmenos
Elyvilon
Fedhas
Gozag
Hepliaklqana
Kikubaaqudgha
Makhleb
Nemelex Xobeh
Okawaru
Qazlal
Ru
Sif Muna
Trog
Uskayaw
Vehumet
Wu Jian
Xom
Yredelemnul
Zin
The Shining One
Jiyva
Lugonu


Innate Abilities, Weirdness & Mutations

You have a pair of horns on your head.
You reflexively headbutt those who attack you in melee.


Message History

Trog accepts your kill.
Your Dodging skill increases to level 6!
Things that are here:
a +0 trident; a +0 plate armour You slash the wraith!
Your headbutt misses the wraith.
The wraith is moderately damaged.
The wraith hits you but does no damage.
You hit the wraith.
The wraith is moderately damaged.
The wyvern hisses menacingly.
You hit the wraith. Your headbutt misses the wraith.
The wraith is moderately damaged.
The wraith hits you but does no damage.
You slice the wraith!!
You destroy the wraith!
Trog accepts your kill.
Your Long Blades skill increases to level 14!
You have reached level 8!
You feel stronger.
You slice the wyvern!!
The wyvern looks as sick as possible!
The wyvern is severely wounded.
You are no longer berserk.
You are exhausted.
You feel yourself slow down.
You slash the wyvern!
You kill the wyvern!
Trog accepts your kill.
Your Fighting skill increases to level 13!
Your Stealth skill increases to level 1!
You slice the two-headed ogre!!
The two-headed ogre is moderately wounded.
The two-headed ogre hits you with a +0 dire flail!
* * * LOW HITPOINT WARNING * * *
The two-headed ogre barely misses you.
You slash the two-headed ogre!
The two-headed ogre is poisoned.
The two-headed ogre is heavily wounded.
You barely miss the two-headed ogre. You headbutt the two-headed ogre.
The two-headed ogre is heavily wounded.
The two-headed ogre hits you with a +0 dire flail!!
You die... ▓▓▓▓▓▓▓▓▓▓▓▓▓▓▓▓▓▓▓▓▓▓ ____'.?)..[...')@O...+ ▓▓▓▓▓▓▓▓▓▓▓▓▓▓▓▓▓▓▓▓▓▓

You could see a two-headed ogre (poisoned).

Vanquished Creatures
  A two-headed ogre (D)
  A wyvern (D)
  A wraith (D)
  An orc warrior (D)
  A scorpion (D)
  A howler monkey (D)
  2 hounds (D)
  An iguana (D)
  A dart slug (D)
  An orc (D)
  A hobgoblin (D)
  A jackal (D)
  A ball python (D)
  A kobold (D)
15 creatures vanquished.

Notes
Turn   | Place    | Note
-------+----------+-------------------------------------------
     0 | D        | boopmooplesden the Minotaur Berserker began the quest for
                  | the Orb.
     0 | D        | Reached XP level 1. HP: 19/19 MP: 0/0
     7 | D        | Reached skill level 4 in Long Blades
     8 | D        | Reached ** piety under Trog
   242 | D        | Noticed a hound
   242 | D        | Noticed an iguana
   242 | D        | Noticed a scorpion
   242 | D        | Noticed a hound
   245 | D        | Killed a hound
   246 | D        | Reached skill level 6 in Long Blades
   246 | D        | Reached XP level 2. HP: 29/30 MP: 1/1
   246 | D        | Reached XP level 3. HP: 36/37 MP: 2/2
   248 | D        | Reached *** piety under Trog
   249 | D        | Reached skill level 7 in Long Blades
   252 | D        | Killed a scorpion
   253 | D        | Reached skill level 8 in Long Blades
   253 | D        | Reached XP level 4. HP: 40/48 MP: 3/3
   255 | D        | Reached skill level 9 in Long Blades
   255 | D        | Reached XP level 5. HP: 47/56 MP: 4/4
   483 | D        | Found a snail-covered altar of Cheibriados.
   483 | D        | Found a shadowy altar of Dithmenos.
   483 | D        | Found a white marble altar of Elyvilon.
   483 | D        | Found a blossoming altar of Fedhas.
   483 | D        | Found an opulent altar of Gozag.
   484 | D        | Found a hazy altar of Hepliaklqana.
   485 | D        | Found a viscous altar of Jiyva.
   486 | D        | Found an ancient bone altar of Kikubaaqudgha.
   487 | D        | Found a corrupted altar of Lugonu.
   488 | D        | Found a burning altar of Makhleb.
   489 | D        | Found a sparkling altar of Nemelex Xobeh.
   490 | D        | Found an iron altar of Okawaru.
   491 | D        | Found a stormy altar of Qazlal.
   492 | D        | Found a sacrificial altar of Ru.
   493 | D        | Found a shimmering blue altar of Sif Muna.
   494 | D        | Found a bloodstained altar of Trog.
   495 | D        | Found a hide-covered altar of Uskayaw.
   496 | D        | Found a radiant altar of Vehumet.
   497 | D        | Found an ornate altar of the Wu Jian Council.
   498 | D        | Found a shimmering altar of Xom.
   499 | D        | Found a basalt altar of Yredelemnul.
   500 | D        | Found a glowing silver altar of Zin.
   501 | D        | Found a glowing golden altar of the Shining One.
   548 | D        | Noticed an orc warrior
   548 | D        | Noticed a two-headed ogre
   548 | D        | Noticed a wraith
   548 | D        | Noticed a wyvern
   548 | D        | Noticed a two-headed ogre
   554 | D        | Killed a two-headed ogre
   554 | D        | Reached **** piety under Trog
   555 | D        | Reached skill level 13 in Long Blades
   555 | D        | Reached skill level 5 in Dodging
   555 | D        | Reached XP level 6. HP: 30/70 MP: 5/5
   555 | D        | Reached XP level 7. HP: 33/77 MP: 6/6
   565 | D        | Killed a wraith
   566 | D        | Reached skill level 14 in Long Blades
   566 | D        | Reached XP level 8. HP: 38/85 MP: 7/7
   568 | D        | Reached skill level 1 in Stealth
   570 | D        | Mangled by a two-headed ogre

Illustrated notes

Levels and vault maps discovered:
D:        linesprint [early_d, line_temple, items_1, d_10, items_2, lair_1,
          lair_end, items_3, orc_1, orc_end, items_4, d_15, swamp_1, shoals_1,
          snake_1, spider_1, d_20, vaults_1, items_5, swamp_end, shoals_end,
          snake_end, spider_end, vaults_end, d_27, items_6, zot_1, zot_end,
          crypt_end, forest_end, elf_end, slime_end, tomb_end, abyss_end,
          pan_hell_end]

Skill      XL: |  1  2  3  4  5  6  7  8 |
---------------+-------------------------+-----
Fighting       | 6 7 8 12 13 | 13.0
Long Blades    | 6 8 9 13 14 | 14.6
Armour         | 3 4 7 |  7.7
Dodging        | 3 4 5 6 |  6.3
Stealth        | 1 |  1.0

Action                   |  1- 3 |  4- 6 |  7- 9 || total
-------------------------+-------+-------+-------++-------
Melee: Falchion          |    18 |     4 |       ||    22
       Headbutt          |     6 |     2 |     1 ||     9
       Scimitar          |       |     4 |    14 ||    18
Invok: Berserk           |     1 |     1 |       ||     2
Armor: Animal skin       |     2 |       |       ||     2
       Scale mail        |       |       |     2 ||     2
Dodge: Dodged            |     5 |     1 |     2 ||     8
